 Dungeon Crawl Stone Soup version 0.28-a0-1159-g27aa881441 (webtiles) character file.

Game seed: 9513263201624673663

2907 spaghetti the Fighter (level 9, -21/68 HPs)
             Began as an Octopode Delver on Dec 15, 2021.
             Was an Initiate of Gozag.
             Demolished by an efreet (26 damage)
             ... on level 8 of the Dungeon.
             The game lasted 00:19:09 (8394 turns).

spaghetti the Fighter (Octopode Delver)             Turns: 8394, Time: 00:19:10

Health: -21/68     AC:  6    Str: 11    XL:     9   Next: 78%
Magic:  9/9        EV: 15    Int: 16    God:    Gozag
Gold:   324        SH:  3    Dex: 14    Spells: 6/8 levels left

rFire   . . .      SeeInvis .   r - +2 demon whip (venom) {mace}
rCold   + . .      Faith    .   l - +0 buckler {AC+3}
rNeg    . . .      Spirit   .   (helmet restricted)
rPois   .          Reflect  .   (no amulet)
rElec   .          Harm     .   g - ring of protection from cold
rCorr   .          Rampage  .   (no ring)
Will    .....                   (no ring)
Stlth   ++++......              (no ring)
HPRegen 0.21/turn               (no ring)
MPRegen 0.11/turn               (no ring)
                                (no ring)
                                (no ring)

@: mighty, studying Summonings, unable to read
A: almost no armour, amphibious, 8 rings, camouflage 1, gelatinous body 1,
(nimble swimmer 1), tentacles, iridescent scales 1, sense surroundings 1,
inability to read while threatened
a: Renounce Religion, Potion Petition, Call Merchant, Bribe Branch


You were on level 8 of the Dungeon.
You worshipped Gozag.
Gozag was aware of your devotion.
You visited 2 branches of the dungeon, and saw 9 of its levels.

You collected 496 gold pieces.
You spent 115 gold pieces at shops.
You paid 57 gold pieces to Gozag.


Innate Abilities, Weirdness & Mutations

You cannot wear most types of armour.
You are amphibious.
You can wear up to eight rings at the same time.
Your skin changes colour to match your surroundings (Stealth+).
Your rubbery body absorbs attacks. (AC +1, EV +1)
((You are camouflaged near water. (Stealth+)))
You have tentacles for arms and can constrict up to eight enemies at once.
You are partially covered in iridescent scales. (AC +2)
You passively map a small area around you.
You sometimes lose the ability to read scrolls when taking damage.


   Skills:
 + Level 9.1 Fighting
 + Level 7.4 Maces & Flails
 + Level 7.3 Dodging
 - Level 6.6 Stealth


You had 6 spell levels left.
You knew the following spells:

 Your Spells              Type           Power      Damage    Failure   Level
a - Blink                 Tloc           0%         N/A       54%         2

Your spell library contained the following spells:

 Spells                   Type           Power      Damage    Failure   Level
 Animate Skeleton         Necr           0%         N/A       38%         1
 Apportation              Tloc           0%         N/A       38%         1
 Pain                     Necr           0%         1d4       38%         1
 Lesser Beckoning         Tloc           0%         N/A       77%         3
 Vampiric Draining        Necr           0%         2d6       77%         3
 Alistair's Intoxication  Tmut/Pois      0%         N/A       100%        5
 Manifold Assault         Tloc           0%         N/A       100%        5
 Borgnjor's Revivificati  Necr           0%         N/A       100%        8
 Necromutation            Tmut/Necr      0%         N/A       100%        8
 Death's Door             Necr           0%         N/A       100%        9

Inventory:

Hand Weapons
 a - a +1 mace {mace}
 o - a +0 quarterstaff {staff}
   (You found it on level 1 of the Dungeon)
 p - a +1 dagger of draining {short}
   (You took it off a goblin on level 1 of the Dungeon)
 r - a +2 demon whip of venom (weapon) {mace}
   (You acquired it on level 1 of the Dungeon)
Missiles
 h - 31 poisoned darts {throwing}
 j - 4 javelins {throwing}
 m - 187 stones {throwing}
 n - 51 bolts
 q - 104 arrows
 u - 7 boomerangs {throwing}
 x - a throwing net {=f!fthrowing}
 G - 10 sling bullets
Armour
 l - a +0 buckler of protection (worn)
   (You bought it in a shop on level 7 of the Dungeon)
Jewellery
 g - a ring of protection from cold (left tentacle)
   (You found it on level 5 of the Dungeon)
 v - a ring of flight
   (You found it on level 1 of the Dungeon)
 z - a ring of positive energy
   (You found it on level 5 of the Dungeon)
 A - an amulet of the acrobat
   (You found it on level 3 of the Dungeon)
Wands
 E - a wand of flame (8) (quivered)
   (You found it on level 7 of the Dungeon)
Scrolls
 b - 3 scrolls of fog
 c - a scroll of magic mapping {!r}
 f - a scroll of fear
 i - a scroll of vulnerability {!r!r}
 s - a scroll of identify {@r1}
 t - a scroll of enchant armour
 w - 7 scrolls of teleportation {@r4}
 y - 2 scrolls of noise {!r}
Potions
 d - 5 potions of curing {@q1}
 e - 2 potions of haste {@q3}
 k - a potion of ambrosia
 C - a potion of attraction {!q}
 D - a potion of heal wounds {@q2}

Dungeon Overview and Level Annotations

Branches:
Dungeon (8/15)             Temple (1/1) D:6
   Lair: D:8-11

Altars:
Elyvilon
Fedhas
Gozag
Makhleb
Qazlal
Sif Muna
Zin
The Shining One

Shops:
D:7 [   D:8 *

Annotations:
D:7 Harold
D:8 Maggie

* * #D'.?.# #.#... *
#§##@########.#... * #.#
#.......##.#... * ,#D#
###'###D.#..... * * * #.#,
#... .##..##... # #.#
**#.#.. .##..#... #.
.o.,*##° ##z .##.#### ##.
#### ..* ##○##.###
##.#..... #..##..###*
*#R@#...#...#.#.....
#.##.##..##
#............'.....
#.#.#####.#
#.....}:)....#○....
#§#.##..#.#
##.)##.|}))##.#○.... #.'##
##.##.##.#.#######.##°....
#.## ,#.#..##.###..
.##☼..... #.#
#.#####.#.##... .##.○#....
#.##,
##..##.##..###'###..##....
#..## ###..##.........DR##
####


You could see an efreet.


Message History

😕 HP[-5]
You take 5 damage, and now have 55/67 hp.
You whack the steam dragon!
You kill the steam dragon!
You are engulfed in a cloud of scalding steam.
Your Maces & Flails skill increases to level 7!
Your Dodging skill increases to level 7! 😕 HP[-3]
You take 3 damage, and now have 52/67 hp.
You are engulfed in a cloud of scalding steam.
You see here 22 gold pieces. 😮 HP[-7]
You take 7 damage, and now have 45/67 hp.
You now have 309 gold pieces (gained 22).
You are engulfed in a cloud of scalding steam.
You start resting. 😎 HP[+22]
Your hp is fully restored (67).
A black bear comes into view.
Aiming: Throw Flame
Press: ? - help, Q - select action, (/) - cycle Shift-Dir - straight line, f - black bear
Aim: a black bear (wandering, hasn't noticed you, 77% to hit)
The puff of flame misses the black bear.
The black bear growls angrily.
Aiming: Throw Flame
Press: ? - help, Q - select action, (/) - cycle Shift-Dir - straight line, f/p - black bear
Aim: a black bear (77% to hit)
The puff of flame hits the black bear.
Okay, then.
You feel very mighty all of a sudden.
You whack the gargoyle! You grab the gargoyle.
You constrict the gargoyle, but do no damage.
The gargoyle completely misses you.
You hit the gargoyle. You squeeze the gargoyle!
You constrict the gargoyle, but do no damage.
The gargoyle hurls a stone arrow at you.
The stone arrow hits you!! 😮 HP[-22]
You take 22 damage, and now have 45/67 hp.
MASSIVE DAMAGE!! (PAUSE) Unknown command.
Unknown command.
You whack the gargoyle!
You destroy the gargoyle!
Your Fighting skill increases to level 9! 😮 HP[+1]
You now have 68 max hp (+1).
You closely miss the black bear. You grab the black bear.
You constrict the black bear.
The black bear bites you but does no damage.
The black bear claws you.
The black bear claws you but does no damage. 😮 HP[-3]
You take 3 damage, and now have 43/68 hp.
Your shield prevents you from hitting the black bear.
You constrict the black bear.
The black bear bites you but does no damage.
The black bear barely misses you. The black bear claws you. 😮 HP[-2]
You take 2 damage, and now have 41/68 hp.
You hit the black bear. You constrict the black bear. You whack the black bear!
You kill the black bear!
You now have 324 gold pieces (gained 15).
You see here a +0 flail {mace}.
Unknown command.
Unknown command.
You start resting.
You feel a little less mighty now.
An efreet is nearby! 😕 HP[+13]
You regained 13 hp, and now have 54/68 hp.
Okay, then.
Okay, then.
Okay, then.
You feel very mighty all of a sudden. The efreet gestures at you.
The fireball explodes!
The fireball engulfs you!
You feel threatened and lose the ability to read scrolls!
You hear an angry hiss.
You hear a shout! 😮 HP[-17]
You take 17 damage, and now have 37/68 hp.
MASSIVE DAMAGE!! (PAUSE) Unknown command.
The efreet hits you with a +4 scimitar of flaming!!
* * * LOW HITPOINT WARNING * * *
The efreet burns you!
* * * LOW HITPOINT WARNING * * *
😱 HP[-33]
You take 33 damage, and now have 4/68 hp.
MASSIVE DAMAGE!! (PAUSE)
Okay, then.
You cannot read scrolls in your current state!
Unknown command.
Unknown command.
Okay, then.
You barely miss the efreet. You squeeze the efreet!
The efreet hits you with a +4 scimitar of flaming!!
You die...
Your body crumbles into a pile of gold.

Skill      XL: |  1  2  3  4  5  6  7  8  9 |
---------------+----------------------------+-----
Fighting       | 4 5 6 7 8 9 |  9.1
Maces & Flails | 3 4 6 7 |  7.4
Dodging        | 3 4 6 7 |  7.3
Stealth        | |  6.6

Action                   |  1- 3 |  4- 6 |  7- 9 || total
-------------------------+-------+-------+-------++-------
Melee: Mace              |     5 |    40 |       ||    45
       Constrict         |     1 |    31 |    24 ||    56
       Tentacles         |     1 |    24 |    23 ||    48
       Quarterstaff      |       |    13 |       ||    13
       Demon whip        |       |    69 |   147 ||   216
Throw: Dart              |       |       |     4 ||     4
 Cast: Blink             |       |       |     2 ||     2
Evoke: Wand              |       |       |     8 ||     8
  Use: Potion            |     1 |     6 |     7 ||    14
       Scroll            |       |     6 |    10 ||    16
 Stab: Sleeping          |     1 |    29 |    16 ||    46
Armor: Skin              |     1 |     3 |    29 ||    33
Dodge: Dodged            |     2 |    66 |   100 ||   168
Block: Buckler           |       |       |     5 ||     5

Levels and vault maps discovered:
D:1:      psy_arrival_terrarium, layout_loops_ring,
          shapermc_ecumenical_altar_mp_urbaneastern, minmay_misc_feat_chi
D:2:      layout_basic, basic_altar, nicolae_underground_beach
D:3:      layout_basic
D:4:      layout_basic
D:5:      layout_basic, nicolae_grassy_gnolls
D:6:      layout_loops_cross, minmay_temple_entry_arrows, minmay_hedge_maze
D:7:      layout_loops_ring, serial_shops, kennysheep_little_box, uniq_harold
D:8:      minmay_the_grid_octo_triangle [minmay_the_grid_octo_fan_narrow,
          minmay_the_grid_octo_prize_ultimate_mussel_roller,
          minmay_the_grid_octo_checkered], layout_basic, serial_shops, shop,
          uniq_joseph, uniq_maggie
Temple:   mainiacjoe_temple_circle_huts

Notes
Turn   | Place    | Note
-------+----------+-------------------------------------------
     0 | D:5      | spaghetti the Octopode Delver began the quest for the Orb.
     0 | D:5      | Reached XP level 1. HP: 16/16 MP: 1/1
     0 | D:5      | magus.rc [v1.9.6]
    25 | D:6      | Noticed a centaur
    34 | D:7      | Noticed an ice beast
    46 | D:6      | Noticed an ogre
    55 | D:6      | Noticed a scorpion
    61 | D:6      | Killed a scorpion
    62 | D:6      | Reached skill level 4 in Fighting
    62 | D:6      | Reached XP level 2. HP: 10/23 MP: 2/2
    62 | D:6      | Reached XP level 3. HP: 12/28 MP: 3/3
    62 | D:6      | Reached XP level 4. HP: 15/34 MP: 4/4
   551 | D:4      | Reached skill level 5 in Fighting
   720 | D:4      | Identified a scroll of acquirement
   720 | D:4      | Acquired a manual of Summonings
  1325 | D:1      | You add the spells Borgnjor's Revivification, Necromutation
                  | and Death's Door to your library.
  1362 | D:1      | Reached XP level 5. HP: 30/38 MP: 5/5
  1499 | D:1      | Found a faded altar of an unknown god.
  1524 | D:1      | Acquired a +0 demon whip of venom
  2245 | D:2      | Found a white marble altar of Elyvilon.
  2258 | D:2      | You pick up a book of Necromancy and begin reading...
  2258 | D:2      | You add the spells Pain, Animate Skeleton and Vampiric
                  | Draining to your library.
  3469 | D:5      | Gained mutation: You have hidden genetic potential. [potion
                  | of mutation]
  3469 | D:5      | Gained mutation: You sometimes lose the ability to read
                  | scrolls when taking damage. [potion of mutation]
  3483 | D:5      | Reached XP level 6. HP: 46/46 MP: 6/6
  3545 | D:5      | You pick up a book of Party Tricks and begin reading...
  3545 | D:5      | You add the spells Apportation and Alistair's Intoxication
                  | to your library.
  3563 | D:5      | Noticed a black bear
  3691 | D:5      | Killed a black bear
  3692 | D:5      | Reached skill level 6 in Fighting
  3692 | D:5      | Reached skill level 3 in Maces & Flails
  3692 | D:5      | Reached skill level 3 in Dodging
  3695 | D:5      | Gained mutation: You are partially covered in iridescent
                  | scales. (AC +2) [hidden potential]
  3795 | D:5      | You pick up a book of Spatial Translocations and begin
                  | reading...
  3795 | D:5      | You add the spells Blink, Lesser Beckoning and Manifold
                  | Assault to your library.
  3799 | D:5      | Learned a level 2 spell: Blink
  3830 | D:5      | Noticed a necrophage
  3838 | D:5      | Reached XP level 7. HP: 42/53 MP: 7/7
  3895 | D:4      | Gained mutation: You passively map a small area around you.
                  | [hidden potential]
  3895 | D:4      | Lost mutation: You have hidden genetic potential. [hidden
                  | potential expressed]
  4218 | D:5      | Reached skill level 4 in Maces & Flails
  4218 | D:5      | Reached skill level 4 in Dodging
  4984 | D:6      | Found a staircase to the Ecumenical Temple.
  4988 | D:6      | Reached skill level 7 in Fighting
  4996 | Temple   | Entered the Ecumenical Temple
  5084 | Temple   | Became a worshipper of Gozag Ym Sagoz the Greedy
  5110 | D:6      | Reached XP level 8. HP: 36/60 MP: 8/8
  5374 | D:6      | Reached skill level 5 in Maces & Flails
  5374 | D:6      | Reached skill level 5 in Dodging
  6103 | D:7      | Reached skill level 8 in Fighting
  6371 | D:7      | Reached skill level 6 in Maces & Flails
  6371 | D:7      | Reached skill level 6 in Dodging
  6371 | D:7      | Reached XP level 9. HP: 49/66 MP: 9/9
  7048 | D:7      | Noticed Harold
  7205 | D:7      | Found Meoxenupn's Armour Emporium.
  7210 | D:7      | Bought a +0 buckler of protection for 115 gold pieces
  7713 | D:8      | Found Baanack's Assorted Antiques.
  7713 | D:8      | Noticed a hornet
  7913 | D:8      | Noticed Maggie
  7920 | D:8      | Noticed a gargoyle
  7921 | D:8      | Noticed an efreet
  7940 | D:8      | HP: 16/67 [poisoned by a water moccasin]
  8191 | D:8      | Reached skill level 7 in Maces & Flails
  8191 | D:8      | Reached skill level 7 in Dodging
  8325 | D:8      | Killed a gargoyle
  8326 | D:8      | Reached skill level 9 in Fighting
  8393 | D:8      | HP: 15/68 [efreet (22)]
  8393 | D:8      | HP: 4/68 [efreet (11)]
  8394 | D:8      | Demolished by an efreet

Vanquished Creatures
  A gargoyle (D:8)
  A steam dragon (D:8)
  2 water moccasins
  3 sky beasts
  2 black bears
  3 ice beasts (D:7)
  2 centaurs (D:6)
  2 necrophages
  3 ogres
  A bullfrog (D:7)
  4 scorpions (D:6)
  2 howler monkeys (D:8)
  2 wights (D:8)
  A bullfrog zombie (D:6)
  A hound (D:7)
  An orc priest (D:5)
  2 bullfrog skeletons (D:5)
  A centaur skeleton (D:7)
  2 iguanas (D:5)
  3 orc wizards
  A hound skeleton (D:4)
  2 gnolls
  5 adders
  A shadow imp (D:6)
  A white imp (D:7)
  An ufetubus (D:6)
  A worm (D:2)
  5 dart slugs
  18 orcs
  5 endoplasms
  A giant cockroach (D:2)
  8 goblins
  7 hobgoblins
  4 jackals
  2 quokkas
  2 ball pythons
  A bat (D:3)
  2 frilled lizards
  6 kobolds
  6 rats
118 creatures vanquished.

Vanquished Creatures (others)
  A wight (D:8)
  21 plants (D:5)
22 creatures vanquished.

Grand Total: 140 creatures vanquished

Table legend:
 A = Non-vault XP
 B = Vault XP
 C = Vault XP percentage of total XP
 D = Non-vault monster count
 E = Vault monster count
 F = Vault count percentage of total count
                 A         B        C        D         E       F
            +---------+---------+-------+---------+---------+-------
      Total |    3173 |     980 |  23.6 |     111 |       7 |   5.9
            +---------+---------+-------+---------+---------+-------
        D:1 |      26 |       0 |   0.0 |      15 |       0 |   0.0
        D:2 |      57 |       0 |   0.0 |      17 |       0 |   0.0
        D:3 |      31 |       0 |   0.0 |      14 |       0 |   0.0
        D:4 |      53 |      15 |  22.1 |      14 |       1 |   6.7
        D:5 |     731 |      14 |   1.9 |      14 |       1 |   6.7
        D:6 |     944 |       0 |   0.0 |      13 |       0 |   0.0
        D:7 |     987 |       0 |   0.0 |      15 |       0 |   0.0
        D:8 |     344 |     951 |  73.4 |       9 |       5 |  35.7
            +---------+---------+-------+---------+---------+-------

Illustrated notes

Table legend:
 A = Kills in this place as a percentage of kills in entire the game.
 B = Kills by you in this place as a percentage of kills by you in the entire game.
 C = Kills by friends in this place as a percentage of kills by friends in the entire game.
 D = Other kills in this place as a percentage of other kills in the entire game.
 E = Experience gained in this place as a percentage of experience gained in the entire game.
 F = Experience gained in this place divided by the number of levels of this place that you have seen.
                   A       B       C       D       E      F
               +-------+-------+-------+-------+-------+----------------------
         Total | 100.0 | 100.0 |   N/A |   N/A | 100.0 | 461.4
       Dungeon | 100.0 | 100.0 |   N/A |   N/A | 100.0 | 519.1
               +-------+-------+-------+-------+-------+----------------------

Table legend: (Time is in decaauts)
 A = Elapsed time spent in this place.
 B = Non-inter-level travel time spent in this place.
 C = Inter-level travel time spent in this place.
 D = Time resting spent in this place.
 E = Time spent auto-exploring this place.
 F = Levels seen in this place.
 G = Mean time per level.
                   A        B        C        D        E       F      G
               +--------+--------+--------+--------+--------+-----+--------+
         Total |   8391 |   8105 |    286 |   2647 |   4095 |   9 |  932.3 |
       Dungeon |   8290 |   8016 |    274 |   2647 |   4022 |   8 | 1036.2 |
        Temple |    100 |     88 |     12 |      0 |     73 |   1 |  100.0 |
               +--------+--------+--------+--------+--------+-----+--------+

Top non-repeatable levels by time:
     D:7: 1377 daAuts
     D:6: 1325 daAuts
     D:4: 1228 daAuts
     D:5: 1187 daAuts
     D:8: 991 daAuts
     D:3: 789 daAuts
     D:1: 780 daAuts
     D:2: 609 daAuts
  Temple: 100 daAuts
